Sasquatch vs Carnivores
Created - 2 février 2017 at 19:08
Goals
|
| Sasquatch |
1 |
4 |
1 |
6 |
| Carnivores |
0 |
2 |
2 |
4 |
|
Shots
|
| Sasquatch |
11 |
13 |
10 |
34 |
| Carnivores |
19 |
11 |
7 |
37 |
|
1st period
1. Sasquatch , Stephane Da Costa 14 (Nick Leddy) at 11:52
Penalties :
Zach Jones (Bre) for Hooking (Minor) at 7:29, James Wisniewski (Gat) for Interference (Minor) at 17:05
2nd period
2. Sasquatch , Teemu Hartikainen 2 (Stephane Da Costa, Jonathan Blum) at 0:57
3. Carnivores , Brendan Gallagher 22 (Artemi Panarin, Anton Gustafsson) at 1:13
4. Sasquatch , Josh Bailey 10 (Linus Omark, Jason Akeson) at 3:58
5. Sasquatch , Lars Eller 24 (Brock Trotter, Garnet Hathaway) at 7:06
6. Sasquatch , Drew Shore 6 (Nick Leddy, Corey Crawford) at 12:49
7. Carnivores , Blake Geoffrion 21 (Jeremy Williams, Mikael Granlund) at 16:43
Penalties :
Brendan Gallagher (Bre) for Hooking (Minor) at 4:03, Phil Oreskovic (Bre) for Hooking (Minor) at 13:06
3rd period
8. Carnivores , Jeremy Williams 8 (Zach Jones) at 3:15
9. Sasquatch , Linus Omark 34 (Jason Akeson, Lars Eller) at 12:00 (PP)
10. Carnivores , Chris Lawrence 20 (Jeremy Welsh, Markus Granlund) at 14:20
Penalties :
Mikael Granlund (Bre) for High sticking (Minor) at 0:36, Josh Bailey (Gat) for Hooking (Minor) at 6:02, Andrej Sustr (Gat) for Hooking (Minor) at 8:53, Colton Orr (Bre) for Hooking (Minor) at 11:44, Brendan Gallagher (Bre) for Roughing (Minor) at 12:05, Andrej Sustr (Gat) for Hooking (Minor) at 16:37
Goalie Stats
Corey Crawford (Gat), 33 saves from 37 shots - (0,892), W, 16-4-1, 60:00 minutes
Antti Raanta (Bre), 14 saves from 18 shots - (0,778), 27:06 minutes
Chad Johnson (Bre), 14 saves from 16 shots - (0,875), L, 16-8-3, 32:54 minutes
Players Stats for Sasquatch
Player Name G A P +/- PIM S H SB GA TA FO MP PP MP PK MP
------------------------------------------------------------------------------------
Andrej Sustr 0 0 0 1 4 1 2 1 1 0 0/0 18:56 0:00 2:21
Andy Andreoff 0 0 0 -2 0 0 1 2 0 1 0/0 9:23 0:02 0:54
Brock Trotter 0 1 1 0 0 1 3 1 0 1 0/1 18:25 4:43 1:20
Drew Shore 1 0 1 -2 0 3 1 0 0 0 5/12 11:47 0:00 4:28
Garnet Hathaway 0 1 1 0 0 1 1 0 0 1 0/2 11:40 0:15 0:00
James Wisniewski 0 0 0 1 2 3 1 0 0 0 0/0 20:59 3:57 3:10
Jason Akeson 0 2 2 1 0 1 0 0 1 0 0/1 19:20 5:13 0:00
Jesper Fast 0 0 0 -2 0 1 1 0 0 0 0/0 6:51 0:00 0:00
Jonathan Blum 0 1 1 1 0 2 1 2 0 1 0/0 25:34 6:14 3:59
Josh Bailey 1 0 1 1 2 4 2 0 0 1 12/20 14:54 0:22 0:00
Lars Eller 1 1 2 0 0 4 0 0 0 0 8/20 18:33 5:26 2:15
Linus Omark 1 1 2 1 0 6 1 1 2 0 0/0 21:35 5:13 2:15
Michal Jordan 0 0 0 -1 0 0 0 0 0 0 0/0 13:16 0:00 3:45
Nick Leddy 0 2 2 1 0 1 2 3 1 0 0/0 26:54 6:14 2:12
Ryan Strome 0 0 0 2 0 1 2 0 0 0 0/0 12:47 4:36 0:00
Stephane Da Costa 1 1 2 2 0 2 2 0 3 0 3/9 13:14 4:43 0:12
Teemu Hartikainen 1 0 1 2 0 2 0 2 0 0 0/1 12:29 0:00 4:28
Yannick Weber 0 0 0 -1 0 1 1 1 0 1 0/0 15:23 3:57 0:25
Players Stats for Carnivores
Player Name G A P +/- PIM S H SB GA TA FO MP PP MP PK MP
------------------------------------------------------------------------------------
Anton Gustafsson 0 1 1 0 0 2 2 0 1 0 16/30 18:24 4:21 0:00
Artemi Panarin 0 1 1 0 0 7 3 0 1 0 6/8 25:07 4:21 6:01
Blake Geoffrion 1 0 1 1 0 2 3 1 2 0 0/0 16:56 3:29 1:53
Bobby Sanguinetti 0 0 0 1 0 1 1 1 0 0 0/0 23:58 4:46 0:00
Brendan Gallagher 1 0 1 0 4 2 4 0 1 0 1/2 21:16 4:21 1:55
Chris Lawrence 1 0 1 -1 0 2 1 0 0 0 1/1 12:52 0:00 2:54
Colton Orr 0 0 0 -1 2 2 0 0 0 0 0/0 5:10 0:00 0:00
Frederic St-Denis 0 0 0 0 0 0 1 3 0 0 0/0 11:00 0:00 4:20
Jeremy Welsh 0 1 1 -1 0 6 2 0 0 0 1/1 9:35 0:06 0:00
Jeremy Williams 1 1 2 1 0 6 1 0 0 1 1/1 15:03 3:29 0:00
Lane MacDermid 0 0 0 -1 0 0 0 0 0 0 0/1 11:51 0:00 5:41
Mark McNeill 0 0 0 0 0 0 0 0 0 0 0/0 0:28 0:12 0:00
Markus Granlund 0 1 1 -1 0 0 0 1 0 0 7/9 9:40 0:00 0:19
Mat Clark 0 0 0 0 0 0 0 0 0 0 0/0 3:16 3:10 0:00
Mattias Backman 0 0 0 0 0 0 0 0 0 0 0/0 0:00 0:00 0:00
Mikael Granlund 0 1 1 1 2 5 1 1 0 0 4/11 17:25 3:29 1:39
Nate Schmidt 0 0 0 1 0 0 0 1 0 1 0/0 21:56 4:46 3:24
Patrick McNeill 0 0 0 1 0 0 0 1 0 0 0/0 8:48 0:00 0:00
Phil Oreskovic 0 0 0 -3 2 1 1 4 0 3 0/0 22:16 3:10 5:14
Sasha Pokulok 0 0 0 -3 0 0 0 3 0 1 0/0 19:24 0:00 6:46
Zach Jones 0 1 1 1 2 0 1 0 0 2 0/0 10:07 0:00 0:38
Zack Smith 0 0 0 -1 0 1 0 0 1 0 1/2 5:11 0:00 0:00
3 Stars
1 - Stephane Da Costa (Gat)
2 - Linus Omark (Gat)
3 - Jeremy Williams (Bre)
Power Play
Sasquatch - 1 on 6 Attempt(s) - 16,67%
Carnivores - 0 on 4 Attempt(s) - 0,00%
Penalty Kill
Sasquatch - 4 on 4 Attempt(s) - 100,00%
- Score 0 goal in Penalty Kill
Carnivores - 5 on 6 Attempt(s) - 83,33%
- Score 0 goal in Penalty Kill
Team Stat
Sasquatch - Hits : 21 - Faceoff Wins : 28 - Blocked Shots : 13 - Penalty Minutes : 8
Carnivores - Hits : 21 - Faceoff Wins : 38 - Blocked Shots : 16 - Penalty Minutes : 12
Official
Referees : O'Rourke Dan and Morton Dean
Linesman : Pierre Racicot and Tim Nowak
Game Notes
Chad Johnson enters game at 7:06 of 2nd period
Finance
Level 1 -- Attendance: 1353 (67,65%) -- Ticket Income 54 120 $
Level 2 -- Attendance: 684 (68,40%) -- Ticket Income 13 680 $
Total Attendance: 2037 (67,90%)
Total Ticket Income: 67 800 $
Other Income: 3 390 $
Total Income: 71 190 $
Sasquatch
5 vs 5 Forward
Center Left Wing Right Wing Time % Phy DF OF
1 Josh Bailey Linus Omark Jason Akeson 40 1 2 2
2 Lars Eller Brock Trotter Garnet Hathaway 30 1 2 2
3 Stephane Da Costa Teemu Hartikainen Ryan Strome 20 1 2 2
4 Drew Shore Andy Andreoff Jesper Fast 10 1 2 2
5 vs 5 Defense
Defense Defense Time % Phy DF OF
1 Nick Leddy Andrej Sustr 40 1 2 2
2 James Wisniewski Jonathan Blum 30 1 2 2
3 Michal Jordan Yannick Weber 20 1 2 2
4 Jonathan Blum Nick Leddy 10 1 2 2
PowerPlay Forward
Center Left Wing Right Wing Time % Phy DF OF
1 Lars Eller Linus Omark Jason Akeson 60 1 2 2
2 Stephane Da Costa Brock Trotter Ryan Strome 40 1 2 2
PowerPlay Defense
Defense Defense Time % Phy DF OF
1 Nick Leddy Jonathan Blum 60 1 2 2
2 Yannick Weber James Wisniewski 40 1 2 2
Penalty Kill 4 Players Forward
Center Wing Time % Phy DF OF
1 Drew Shore Teemu Hartikainen 60 1 2 2
2 Lars Eller Linus Omark 40 1 2 2
Penalty Kill 4 Players Defense
Defense Defense Time % Phy DF OF
1 Jonathan Blum Andrej Sustr 60 1 2 2
2 James Wisniewski Michal Jordan 40 1 2 2
Penalty Kill - 3 Players Forward
Forward Time % Phy DF OF
1 Lars Eller 60 1 2 2
2 Drew Shore 40 1 2 2
Penalty Kill - 3 Players Defense
Defense Defense Time % Phy DF OF
1 Michal Jordan Andrej Sustr 60 1 2 2
2 James Wisniewski Jonathan Blum 40 1 2 2
4 vs 4 Forward
Center Wing Time % Phy DF OF
1 Josh Bailey Brock Trotter 60 1 2 2
2 Stephane Da Costa Linus Omark 40 1 2 2
4 vs 4 Defense
Defense Defense Time % Phy DF OF
1 Andrej Sustr Nick Leddy 60 1 2 2
2 Yannick Weber Jonathan Blum 40 1 2 2
Last Minutes Offensive
Center Left Wing Right Wing Defense Defense
Stephane Da Costa Linus Omark Jason Akeson Nick Leddy Jonathan Blum
Last Minutes Defensive
Center Left Wing Right Wing Defense Defense
Drew Shore Linus Omark Garnet Hathaway James Wisniewski Andrej Sustr
Goaltenders
Starting : Corey Crawford
Backup : Jake Allen
Extra Forwards
Normal : Teemu Hartikainen, Drew Shore, Brock Trotter - PP : Josh Bailey, Linus Omark - PK : Brock Trotter
Extra Defensemen
Normal : Jonathan Blum, Yannick Weber, James Wisniewski - PP : Andrej Sustr - PK : Nick Leddy, Yannick Weber
Penalty Shots
Linus Omark, Lars Eller, Jason Akeson, Ryan Strome, James Wisniewski
Carnivores
5 vs 5 Forward
Center Left Wing Right Wing Time % Phy DF OF
1 Anton Gustafsson Artemi Panarin Brendan Gallagher 40 1 2 2
2 Mikael Granlund Blake Geoffrion Jeremy Williams 30 1 2 2
3 Markus Granlund Jeremy Welsh Chris Lawrence 20 1 2 2
4 Zack Smith Lane MacDermid Colton Orr 10 1 2 2
5 vs 5 Defense
Defense Defense Time % Phy DF OF
1 Bobby Sanguinetti Nate Schmidt 40 1 2 2
2 Phil Oreskovic Sasha Pokulok 30 1 2 2
3 Bobby Sanguinetti Frederic St-Denis 20 1 2 2
4 Patrick McNeill Zach Jones 10 1 2 2
PowerPlay Forward
Center Left Wing Right Wing Time % Phy DF OF
1 Anton Gustafsson Artemi Panarin Brendan Gallagher 60 1 2 2
2 Mikael Granlund Blake Geoffrion Jeremy Williams 40 1 2 2
PowerPlay Defense
Defense Defense Time % Phy DF OF
1 Bobby Sanguinetti Nate Schmidt 60 1 2 2
2 Mat Clark Phil Oreskovic 40 1 2 2
Penalty Kill 4 Players Forward
Center Wing Time % Phy DF OF
1 Artemi Panarin Lane MacDermid 60 1 2 2
2 Chris Lawrence Brendan Gallagher 40 1 2 2
Penalty Kill 4 Players Defense
Defense Defense Time % Phy DF OF
1 Phil Oreskovic Sasha Pokulok 60 1 2 2
2 Frederic St-Denis Nate Schmidt 40 1 2 2
Penalty Kill - 3 Players Forward
Forward Time % Phy DF OF
1 Artemi Panarin 60 1 2 2
2 Anton Gustafsson 40 1 2 2
Penalty Kill - 3 Players Defense
Defense Defense Time % Phy DF OF
1 Phil Oreskovic Sasha Pokulok 60 1 2 2
2 Frederic St-Denis Nate Schmidt 40 1 2 2
4 vs 4 Forward
Center Wing Time % Phy DF OF
1 Artemi Panarin Blake Geoffrion 60 1 2 2
2 Mikael Granlund Chris Lawrence 40 1 2 2
4 vs 4 Defense
Defense Defense Time % Phy DF OF
1 Bobby Sanguinetti Nate Schmidt 60 1 2 2
2 Phil Oreskovic Sasha Pokulok 40 1 2 2
Last Minutes Offensive
Center Left Wing Right Wing Defense Defense
Mikael Granlund Artemi Panarin Jeremy Williams Bobby Sanguinetti Nate Schmidt
Last Minutes Defensive
Center Left Wing Right Wing Defense Defense
Anton Gustafsson Artemi Panarin Chris Lawrence Bobby Sanguinetti Nate Schmidt
Goaltenders
Starting : Antti Raanta
Backup : Chad Johnson
Extra Forwards
Normal : Mark McNeill, Chris Lawrence, Brendan Gallagher - PP : Mark McNeill, Jeremy Welsh - PK : Brendan Gallagher
Extra Defensemen
Normal : Mat Clark, Mattias Backman, Zach Jones - PP : Mat Clark - PK : Frederic St-Denis, Zach Jones
Penalty Shots
Blake Geoffrion, Jeremy Williams, Chris Lawrence, Colton Orr, Zack Smith
% Time on Ice - Sasquatch
Lines # - Real PCT - Wanted PCT - Time Play
Normal Forward
1 - 37% - 40% - 15:32
2 - 28% - 30% - 11:49
3 - 18% - 20% - 7:41
4 - 16% - 10% - 6:51
Normal Defense
1 - 42% - 40% - 17:40
2 - 32% - 30% - 13:27
3 - 23% - 20% - 9:31
4 - 3% - 10% - 1:15
PP Forward
1 - 54% - 60% - 5:28
2 - 46% - 40% - 4:43
PP Defense
1 - 61% - 60% - 6:14
2 - 39% - 40% - 3:57
PK Forward
1 - 72% - 60% - 5:41
2 - 28% - 40% - 2:15
PK Defense
1 - 53% - 60% - 4:11
2 - 47% - 40% - 3:45
PK3 Forward
1 - 0% - 60%
2 - 0% - 40%
PK3 Defense
1 - 0% - 60%
2 - 0% - 40%
44 Forward
1 - 0% - 60%
2 - 0% - 40%
44 Defense
1 - 0% - 60%
2 - 0% - 40%
Last Minute Offensive - 0:00
Last Minute Defensive - 0:00
Total
Forward - 60:00
Defense - 60:00
|
% Time on Ice - Carnivores
Lines # - Real PCT - Wanted PCT - Time Play
Normal Forward
1 - 36% - 40% - 15:15
2 - 29% - 30% - 12:06
3 - 22% - 20% - 9:21
4 - 12% - 10% - 5:11
Normal Defense
1 - 35% - 40% - 14:51
2 - 29% - 30% - 12:11
3 - 14% - 20% - 6:03
4 - 21% - 10% - 8:48
PP Forward
1 - 56% - 60% - 4:27
2 - 44% - 40% - 3:29
PP Defense
1 - 60% - 60% - 4:46
2 - 40% - 40% - 3:10
PK Forward
1 - 72% - 60% - 7:17
2 - 28% - 40% - 2:54
PK Defense
1 - 67% - 60% - 6:47
2 - 33% - 40% - 3:24
PK3 Forward
1 - 0% - 60%
2 - 0% - 40%
PK3 Defense
1 - 0% - 60%
2 - 0% - 40%
44 Forward
1 - 0% - 60%
2 - 0% - 40%
44 Defense
1 - 0% - 60%
2 - 0% - 40%
Last Minute Offensive - 0:00
Last Minute Defensive - 0:00
Total
Forward - 60:00
Defense - 60:00
|
Play by Play
1st period
0:01 of 1st period - Josh Bailey wins face-off versus Anton Gustafsson in neutral zone.
0:49 of 1st period - Snap shot by Drew Shore.
0:49 of 1st period - Shot Misses the Net.
0:51 of 1st period - Snap shot by Drew Shore.
0:51 of 1st period - Shot Misses the Net.
1:15 of 1st period - Slapshot by Zack Smith.
1:15 of 1st period - Stopped by Corey Crawford without a rebound.
1:16 of 1st period - Josh Bailey wins face-off versus Brendan Gallagher in Sasquatch zone.
1:58 of 1st period - Snap shot by Artemi Panarin.
1:58 of 1st period - Stopped by Corey Crawford with a rebound.
2:00 of 1st period - Wrist shot by Brendan Gallagher.
2:00 of 1st period - Shot Misses the Net.
2:02 of 1st period - Slapshot by Anton Gustafsson.
2:02 of 1st period - Stopped by Corey Crawford without a rebound.
2:03 of 1st period - Mikael Granlund wins face-off versus Lars Eller in Sasquatch zone.
2:04 of 1st period - Slapshot by Blake Geoffrion.
2:04 of 1st period - Shot Misses the Net.
2:18 of 1st period - Slapshot by Jeremy Williams.
2:18 of 1st period - Stopped by Corey Crawford without a rebound.
2:19 of 1st period - Markus Granlund wins face-off versus Josh Bailey in Sasquatch zone.
2:20 of 1st period - Snap shot by Chris Lawrence.
2:20 of 1st period - Shot Blocked by Nick Leddy.
2:28 of 1st period - Wrist shot by Jeremy Welsh.
2:28 of 1st period - Stopped by Corey Crawford without a rebound.
2:29 of 1st period - Josh Bailey wins face-off versus Markus Granlund in Sasquatch zone.
2:46 of 1st period - Wrist shot by Josh Bailey.
2:46 of 1st period - Shot Blocked by Bobby Sanguinetti.
3:12 of 1st period - Wrist shot by Bobby Sanguinetti.
3:12 of 1st period - Deflect By Jeremy Welsh.
3:12 of 1st period - Shot Misses the Net.
3:12 of 1st period - Puck is out of play.
3:13 of 1st period - Lars Eller wins face-off versus Mikael Granlund in Sasquatch zone.
3:42 of 1st period - Phil Oreskovic is hit by Andy Andreoff and loses puck.
3:57 of 1st period - Slapshot by James Wisniewski.
3:57 of 1st period - Stopped by Antti Raanta with a rebound.
4:56 of 1st period - Josh Bailey is hit by Brendan Gallagher and loses puck.
5:23 of 1st period - Slapshot by Lars Eller.
5:23 of 1st period - Shot Blocked by Frederic St-Denis.
5:45 of 1st period - Bobby Sanguinetti is hit by Ryan Strome and loses puck.
6:15 of 1st period - Snap shot by Brendan Gallagher.
6:15 of 1st period - Deflect By Artemi Panarin.
6:15 of 1st period - Shot Hit the Post.
6:15 of 1st period - Puck is out of play.
6:16 of 1st period - Anton Gustafsson wins face-off versus Lars Eller in Sasquatch zone.
6:19 of 1st period - Wrist shot by Brendan Gallagher.
6:19 of 1st period - Shot Misses the Net.
6:55 of 1st period - Patrick McNeill is hit by Yannick Weber and loses puck.
7:23 of 1st period - Wrist shot by Linus Omark.
7:23 of 1st period - Stopped by Antti Raanta with a rebound.
7:25 of 1st period - Slapshot by Michal Jordan.
7:25 of 1st period - Shot Blocked by Blake Geoffrion.
7:27 of 1st period - Wrist shot by Yannick Weber.
7:27 of 1st period - Shot Misses the Net.
7:29 of 1st period - Minor Penalty to Zach Jones for Hooking.
7:30 of 1st period - Artemi Panarin wins face-off versus Stephane Da Costa in Carnivores zone.
8:23 of 1st period - Snap shot by Brendan Gallagher.
8:23 of 1st period - Stopped by Corey Crawford with a rebound.
9:24 of 1st period - Icing by Linus Omark.
9:25 of 1st period - Chris Lawrence wins face-off versus Stephane Da Costa in Sasquatch zone.
9:29 of 1st period - Penalty to Zach Jones is over, Zach Jones is back on ice.
9:30 of 1st period - Snap shot by Brendan Gallagher.
9:30 of 1st period - Shot Misses the Net.
9:50 of 1st period - Nate Schmidt is hit by Jesper Fast and loses puck.
10:16 of 1st period - Snap shot by Ryan Strome.
10:16 of 1st period - Deflect By Stephane Da Costa.
10:16 of 1st period - Shot Misses the Net.
10:16 of 1st period - Puck is out of play.
10:17 of 1st period - Anton Gustafsson wins face-off versus Stephane Da Costa in Carnivores zone.
10:40 of 1st period - Lars Eller is hit by Phil Oreskovic and loses puck.
10:59 of 1st period - Snap shot by Jason Akeson.
10:59 of 1st period - Stopped by Antti Raanta with a rebound.
11:05 of 1st period - Jonathan Blum is hit by Blake Geoffrion.
11:25 of 1st period - Snap shot by Artemi Panarin.
11:25 of 1st period - Stopped by Corey Crawford with a rebound.
11:27 of 1st period - Snap shot by Artemi Panarin.
11:27 of 1st period - Shot Blocked by Andy Andreoff.
11:33 of 1st period - Sasha Pokulok is hit by James Wisniewski and loses puck.
11:50 of 1st period - Slapshot by Stephane Da Costa.
11:50 of 1st period - Stopped by Antti Raanta with a rebound.
11:52 of 1st period - Wrist shot by Stephane Da Costa.
11:52 of 1st period - Goal by Stephane Da Costa - Sasquatch : 1 - Carnivores : 0.
11:53 of 1st period - Anton Gustafsson wins face-off versus Lars Eller in neutral zone.
12:18 of 1st period - Jason Akeson is hit by Blake Geoffrion and loses puck.
12:25 of 1st period - Snap shot by Jeremy Williams.
12:25 of 1st period - Stopped by Corey Crawford without a rebound.
12:26 of 1st period - Mikael Granlund wins face-off versus Garnet Hathaway in Sasquatch zone.
12:51 of 1st period - Jason Akeson is hit by Brendan Gallagher and loses puck.
13:40 of 1st period - Brock Trotter is hit by Anton Gustafsson.
13:50 of 1st period - Wrist shot by Jeremy Welsh.
13:50 of 1st period - Stopped by Corey Crawford with a rebound.
14:16 of 1st period - Slapshot by Jeremy Welsh.
14:16 of 1st period - Stopped by Corey Crawford with a rebound.
14:18 of 1st period - Snap shot by Phil Oreskovic.
14:18 of 1st period - Stopped by Corey Crawford without a rebound.
14:19 of 1st period - Zack Smith wins face-off versus Josh Bailey in Sasquatch zone.
14:20 of 1st period - Snap shot by Colton Orr.
14:20 of 1st period - Stopped by Corey Crawford with a rebound.
14:34 of 1st period - Wrist shot by Linus Omark.
14:34 of 1st period - Shot Blocked by Nate Schmidt.
14:44 of 1st period - Lane MacDermid is hit by Ryan Strome and loses puck.
14:59 of 1st period - Slapshot by Colton Orr.
14:59 of 1st period - Deflect By Zack Smith.
14:59 of 1st period - Shot Misses the Net.
14:59 of 1st period - Puck is out of play.
15:00 of 1st period - Josh Bailey wins face-off versus Mikael Granlund in Sasquatch zone.
15:11 of 1st period - Snap shot by Mikael Granlund.
15:11 of 1st period - Stopped by Corey Crawford without a rebound.
15:12 of 1st period - Anton Gustafsson wins face-off versus Garnet Hathaway in Sasquatch zone.
15:13 of 1st period - Snap shot by Artemi Panarin.
15:13 of 1st period - Stopped by Corey Crawford without a rebound.
15:14 of 1st period - Lars Eller wins face-off versus Anton Gustafsson in Sasquatch zone.
15:23 of 1st period - Snap shot by Garnet Hathaway.
15:23 of 1st period - Stopped by Antti Raanta with a rebound.
15:25 of 1st period - Snap shot by Lars Eller.
15:25 of 1st period - Shot Misses the Net.
15:39 of 1st period - Linus Omark is hit by Jeremy Welsh and loses puck.
15:46 of 1st period - Wrist shot by Linus Omark.
15:46 of 1st period - Stopped by Antti Raanta with a rebound.
15:48 of 1st period - Snap shot by Josh Bailey.
15:48 of 1st period - Stopped by Antti Raanta without a rebound.
15:49 of 1st period - Lars Eller wins face-off versus Anton Gustafsson in Carnivores zone.
16:14 of 1st period - Yannick Weber is hit by Jeremy Williams and loses puck.
16:21 of 1st period - Wrist shot by Linus Omark.
16:21 of 1st period - Shot Blocked by Phil Oreskovic.
16:23 of 1st period - Wrist shot by Josh Bailey.
16:23 of 1st period - Stopped by Antti Raanta with a rebound.
16:35 of 1st period - Snap shot by Jeremy Welsh.
16:35 of 1st period - Stopped by Corey Crawford with a rebound.
16:43 of 1st period - Snap shot by Jeremy Welsh.
16:43 of 1st period - Stopped by Corey Crawford without a rebound.
16:44 of 1st period - Anton Gustafsson wins face-off versus Jason Akeson in Sasquatch zone.
17:05 of 1st period - Minor Penalty to James Wisniewski for Interference.
17:06 of 1st period - Drew Shore wins face-off versus Anton Gustafsson in Sasquatch zone.
17:06 of 1st period - Drew Shore is hit by Artemi Panarin.
17:20 of 1st period - Wrist shot by Anton Gustafsson.
17:20 of 1st period - Stopped by Corey Crawford without a rebound.
17:21 of 1st period - Drew Shore wins face-off versus Anton Gustafsson in Sasquatch zone.
17:31 of 1st period - Off-side.
17:32 of 1st period - Drew Shore wins face-off versus Anton Gustafsson in neutral zone.
17:59 of 1st period - Andrej Sustr is hit by Bobby Sanguinetti and loses puck.
18:04 of 1st period - Snap shot by Jeremy Williams.
18:04 of 1st period - Stopped by Corey Crawford with a rebound.
18:06 of 1st period - Slapshot by Blake Geoffrion.
18:06 of 1st period - Shot Blocked by Teemu Hartikainen.
18:08 of 1st period - Snap shot by Jeremy Williams.
18:08 of 1st period - Stopped by Corey Crawford without a rebound.
18:09 of 1st period - Drew Shore wins face-off versus Anton Gustafsson in Sasquatch zone.
18:09 of 1st period - Drew Shore is hit by Brendan Gallagher.
18:27 of 1st period - Linus Omark is hit by Anton Gustafsson and loses puck.
19:05 of 1st period - Penalty to James Wisniewski is over, James Wisniewski is back on ice.
19:16 of 1st period - Snap shot by James Wisniewski.
19:16 of 1st period - Stopped by Antti Raanta with a rebound.
19:30 of 1st period - Slapshot by Jonathan Blum.
19:30 of 1st period - Stopped by Antti Raanta without a rebound.
19:31 of 1st period - Josh Bailey wins face-off versus Mikael Granlund in Carnivores zone.
19:56 of 1st period - Phil Oreskovic is hit by Stephane Da Costa and loses puck.
Goals for this period are 1 for Sasquatch vs 0 for Carnivores.
Shots for this period are 11 for Sasquatch vs 19 for Carnivores.
2nd period
0:01 of 2nd period - Lars Eller wins face-off versus Anton Gustafsson in neutral zone.
0:06 of 2nd period - Snap shot by Brock Trotter.
0:06 of 2nd period - Stopped by Antti Raanta with a rebound.
0:55 of 2nd period - Snap shot by Stephane Da Costa.
0:55 of 2nd period - Shot Misses the Net.
0:57 of 2nd period - Snap shot by Teemu Hartikainen.
0:57 of 2nd period - Goal by Teemu Hartikainen - Sasquatch : 2 - Carnivores : 0.
0:58 of 2nd period - Anton Gustafsson wins face-off versus Lars Eller in neutral zone.
1:09 of 2nd period - Snap shot by Brendan Gallagher.
1:09 of 2nd period - Shot Blocked by Nick Leddy.
1:11 of 2nd period - Wrist shot by Brendan Gallagher.
1:11 of 2nd period - Shot Blocked by Nick Leddy.
1:13 of 2nd period - Snap shot by Brendan Gallagher.
1:13 of 2nd period - Goal by Brendan Gallagher - Sasquatch : 2 - Carnivores : 1.
1:14 of 2nd period - Anton Gustafsson wins face-off versus Lars Eller in neutral zone.
1:44 of 2nd period - Snap shot by Linus Omark.
1:44 of 2nd period - Shot Blocked by Mikael Granlund.
2:08 of 2nd period - Slapshot by Jeremy Welsh.
2:08 of 2nd period - Shot Blocked by Teemu Hartikainen.
2:10 of 2nd period - Slapshot by Bobby Sanguinetti.
2:10 of 2nd period - Shot Misses the Net.
2:29 of 2nd period - Colton Orr is hit by Drew Shore and loses puck.
2:36 of 2nd period - Snap shot by Jesper Fast.
2:36 of 2nd period - Shot Blocked by Patrick McNeill.
2:50 of 2nd period - Wrist shot by Artemi Panarin.
2:50 of 2nd period - Stopped by Corey Crawford without a rebound.
2:51 of 2nd period - Anton Gustafsson wins face-off versus Josh Bailey in Sasquatch zone.
3:02 of 2nd period - Josh Bailey is hit by Artemi Panarin and loses puck.
3:25 of 2nd period - Slapshot by Mikael Granlund.
3:25 of 2nd period - Stopped by Corey Crawford without a rebound.
3:26 of 2nd period - Stephane Da Costa wins face-off versus Mikael Granlund in Sasquatch zone.
3:56 of 2nd period - Snap shot by Jason Akeson.
3:56 of 2nd period - Shot Misses the Net.
3:58 of 2nd period - Backhand shot by Linus Omark.
3:58 of 2nd period - Deflect By Josh Bailey.
3:58 of 2nd period - Goal by Josh Bailey - Sasquatch : 3 - Carnivores : 1.
3:59 of 2nd period - Lars Eller wins face-off versus Anton Gustafsson in neutral zone.
4:03 of 2nd period - Minor Penalty to Brendan Gallagher for Hooking.
4:04 of 2nd period - Artemi Panarin wins face-off versus Lars Eller in Carnivores zone.
4:34 of 2nd period - Wrist shot by Brock Trotter.
4:34 of 2nd period - Shot Blocked by Phil Oreskovic.
4:36 of 2nd period - Slapshot by Ryan Strome.
4:36 of 2nd period - Stopped by Antti Raanta without a rebound.
4:37 of 2nd period - Stephane Da Costa wins face-off versus Artemi Panarin in Carnivores zone.
5:12 of 2nd period - Snap shot by Stephane Da Costa.
5:12 of 2nd period - Shot Misses the Net.
5:14 of 2nd period - Slapshot by James Wisniewski.
5:14 of 2nd period - Stopped by Antti Raanta without a rebound.
5:15 of 2nd period - Mikael Granlund wins face-off versus Lars Eller in Carnivores zone.
5:15 of 2nd period - Mikael Granlund is hit by Linus Omark.
5:24 of 2nd period - Off-side.
5:25 of 2nd period - Lars Eller wins face-off versus Mikael Granlund in neutral zone.
5:30 of 2nd period - Snap shot by Linus Omark.
5:30 of 2nd period - Stopped by Antti Raanta without a rebound.
5:31 of 2nd period - Artemi Panarin wins face-off versus Lars Eller in Carnivores zone.
6:03 of 2nd period - Penalty to Brendan Gallagher is over, Brendan Gallagher is back on ice.
6:22 of 2nd period - Slapshot by Sasha Pokulok.
6:22 of 2nd period - Shot Blocked by Yannick Weber.
6:36 of 2nd period - Phil Oreskovic is hit by Josh Bailey and loses puck.
7:06 of 2nd period - Backhand shot by Lars Eller.
7:06 of 2nd period - Goal by Lars Eller - Sasquatch : 4 - Carnivores : 1.
7:06 of 2nd period - Chad Johnson enters game.
7:07 of 2nd period - Josh Bailey wins face-off versus Anton Gustafsson in neutral zone.
7:18 of 2nd period - Wrist shot by Josh Bailey.
7:18 of 2nd period - Shot Misses the Net.
8:07 of 2nd period - Snap shot by Colton Orr.
8:07 of 2nd period - Shot Misses the Net.
8:40 of 2nd period - Artemi Panarin is hit by Josh Bailey and loses puck.
9:26 of 2nd period - Wrist shot by Chris Lawrence.
9:26 of 2nd period - Stopped by Corey Crawford with a rebound.
9:36 of 2nd period - Zach Jones is hit by Andrej Sustr and loses puck.
10:16 of 2nd period - Wrist shot by Artemi Panarin.
10:16 of 2nd period - Deflect By Blake Geoffrion.
10:16 of 2nd period - Deflect By Garnet Hathaway.
10:16 of 2nd period - Stopped by Corey Crawford with a rebound.
10:54 of 2nd period - Icing by Bobby Sanguinetti.
10:55 of 2nd period - Anton Gustafsson wins face-off versus Drew Shore in Carnivores zone.
11:23 of 2nd period - Off-side.
11:24 of 2nd period - Josh Bailey wins face-off versus Mikael Granlund in neutral zone.
12:49 of 2nd period - Wrist shot by Drew Shore.
12:49 of 2nd period - Goal by Drew Shore - Sasquatch : 5 - Carnivores : 1.
12:50 of 2nd period - Anton Gustafsson wins face-off versus Josh Bailey in neutral zone.
13:06 of 2nd period - Minor Penalty to Phil Oreskovic for Hooking.
13:07 of 2nd period - Lars Eller wins face-off versus Lane MacDermid in Carnivores zone.
13:12 of 2nd period - Wrist shot by Linus Omark.
13:12 of 2nd period - Shot Blocked by Frederic St-Denis.
13:14 of 2nd period - Snap shot by Lars Eller.
13:14 of 2nd period - Shot Blocked by Sasha Pokulok.
13:18 of 2nd period - Slapshot by Linus Omark.
13:18 of 2nd period - Stopped by Chad Johnson with a rebound.
13:20 of 2nd period - Wrist shot by Nick Leddy.
13:20 of 2nd period - Shot Blocked by Sasha Pokulok.
13:22 of 2nd period - Slapshot by Jonathan Blum.
13:22 of 2nd period - Deflect By Lars Eller.
13:22 of 2nd period - Stopped by Chad Johnson without a rebound.
13:23 of 2nd period - Artemi Panarin wins face-off versus Lars Eller in Carnivores zone.
13:50 of 2nd period - Artemi Panarin is hit by Brock Trotter and loses puck.
13:55 of 2nd period - Wrist shot by Brock Trotter.
13:55 of 2nd period - Shot Blocked by Frederic St-Denis.
14:21 of 2nd period - Yannick Weber is hit by Zach Jones and loses puck.
15:06 of 2nd period - Penalty to Phil Oreskovic is over, Phil Oreskovic is back on ice.
15:08 of 2nd period - Snap shot by Phil Oreskovic.
15:08 of 2nd period - Shot Misses the Net.
15:30 of 2nd period - Snap shot by Artemi Panarin.
15:30 of 2nd period - Shot Misses the Net.
15:32 of 2nd period - Snap shot by Artemi Panarin.
15:32 of 2nd period - Stopped by Corey Crawford with a rebound.
15:38 of 2nd period - Slapshot by Phil Oreskovic.
15:38 of 2nd period - Shot Misses the Net.
15:42 of 2nd period - Snap shot by Artemi Panarin.
15:42 of 2nd period - Stopped by Corey Crawford without a rebound.
15:43 of 2nd period - Stephane Da Costa wins face-off versus Mikael Granlund in Sasquatch zone.
16:05 of 2nd period - Icing by Zach Jones.
16:06 of 2nd period - Markus Granlund wins face-off versus Lars Eller in Carnivores zone.
16:31 of 2nd period - Wrist shot by Jeremy Williams.
16:31 of 2nd period - Shot Misses the Net.
16:35 of 2nd period - Slapshot by Jeremy Williams.
16:35 of 2nd period - Shot Misses the Net.
16:37 of 2nd period - Wrist shot by Mikael Granlund.
16:37 of 2nd period - Stopped by Corey Crawford with a rebound.
16:39 of 2nd period - Slapshot by Jeremy Williams.
16:39 of 2nd period - Stopped by Corey Crawford with a rebound.
16:41 of 2nd period - Wrist shot by Jeremy Williams.
16:41 of 2nd period - Shot Misses the Net.
16:43 of 2nd period - Snap shot by Blake Geoffrion.
16:43 of 2nd period - Goal by Blake Geoffrion - Sasquatch : 5 - Carnivores : 2.
16:44 of 2nd period - Josh Bailey wins face-off versus Anton Gustafsson in neutral zone.
16:47 of 2nd period - Snap shot by Linus Omark.
16:47 of 2nd period - Stopped by Chad Johnson with a rebound.
17:28 of 2nd period - Icing by Nate Schmidt.
17:29 of 2nd period - Markus Granlund wins face-off versus Stephane Da Costa in Carnivores zone.
17:42 of 2nd period - Teemu Hartikainen is hit by Chris Lawrence and loses puck.
18:44 of 2nd period - Snap shot by Colton Orr.
18:44 of 2nd period - Stopped by Corey Crawford with a rebound.
18:46 of 2nd period - Wrist shot by Phil Oreskovic.
18:46 of 2nd period - Shot Misses the Net.
18:48 of 2nd period - Slapshot by Zack Smith.
18:48 of 2nd period - Shot Blocked by Jonathan Blum.
18:50 of 2nd period - Slapshot by Lane MacDermid.
18:50 of 2nd period - Shot Blocked by Andy Andreoff.
19:04 of 2nd period - Slapshot by James Wisniewski.
19:04 of 2nd period - Shot Blocked by Markus Granlund.
19:06 of 2nd period - Slapshot by Jonathan Blum.
19:06 of 2nd period - Stopped by Chad Johnson without a rebound.
19:07 of 2nd period - Brendan Gallagher wins face-off versus Josh Bailey in Carnivores zone.
19:34 of 2nd period - Blake Geoffrion is hit by Andrej Sustr.
19:42 of 2nd period - Slapshot by Lars Eller.
19:42 of 2nd period - Shot Misses the Net.
19:56 of 2nd period - Slapshot by Yannick Weber.
19:56 of 2nd period - Stopped by Chad Johnson with a rebound.
Goals for this period are 4 for Sasquatch vs 2 for Carnivores.
Shots for this period are 13 for Sasquatch vs 11 for Carnivores.
3rd period
0:01 of 3rd period - Anton Gustafsson wins face-off versus Josh Bailey in neutral zone.
0:26 of 3rd period - Lars Eller is hit by Frederic St-Denis and loses puck.
0:36 of 3rd period - Minor Penalty to Mikael Granlund for High sticking.
0:37 of 3rd period - Artemi Panarin wins face-off versus Lars Eller in Carnivores zone.
0:51 of 3rd period - Wrist shot by Linus Omark.
0:51 of 3rd period - Shot Blocked by Phil Oreskovic.
0:53 of 3rd period - Slapshot by Nick Leddy.
0:53 of 3rd period - Shot Blocked by Sasha Pokulok.
2:13 of 3rd period - Lars Eller is hit by Blake Geoffrion and loses puck.
2:36 of 3rd period - Penalty to Mikael Granlund is over, Mikael Granlund is back on ice.
2:40 of 3rd period - Zach Jones is hit by Jonathan Blum and loses puck.
3:15 of 3rd period - Snap shot by Jeremy Williams.
3:15 of 3rd period - Goal by Jeremy Williams - Sasquatch : 5 - Carnivores : 3.
3:16 of 3rd period - Josh Bailey wins face-off versus Anton Gustafsson in neutral zone.
3:22 of 3rd period - Nick Leddy is hit by Brendan Gallagher.
3:42 of 3rd period - Nate Schmidt is hit by Brock Trotter.
3:57 of 3rd period - Icing by Jonathan Blum.
3:58 of 3rd period - Markus Granlund wins face-off versus Brock Trotter in Sasquatch zone.
4:09 of 3rd period - Snap shot by Artemi Panarin.
4:09 of 3rd period - Stopped by Corey Crawford with a rebound.
4:51 of 3rd period - Slapshot by Bobby Sanguinetti.
4:51 of 3rd period - Deflect By Jeremy Welsh.
4:51 of 3rd period - Stopped by Corey Crawford without a rebound.
4:52 of 3rd period - Josh Bailey wins face-off versus Anton Gustafsson in Sasquatch zone.
5:17 of 3rd period - Anton Gustafsson is hit by Nick Leddy and loses puck.
5:42 of 3rd period - Jeremy Williams is hit by Stephane Da Costa.
6:02 of 3rd period - Minor Penalty to Josh Bailey for Hooking.
6:03 of 3rd period - Jeremy Williams wins face-off versus Drew Shore in Sasquatch zone.
6:03 of 3rd period - Snap shot by Mikael Granlund.
6:03 of 3rd period - Shot Blocked by Andrej Sustr.
6:05 of 3rd period - Slapshot by Bobby Sanguinetti.
6:05 of 3rd period - Stopped by Corey Crawford without a rebound.
6:06 of 3rd period - Mikael Granlund wins face-off versus Teemu Hartikainen in Sasquatch zone.
6:59 of 3rd period - Wrist shot by Mikael Granlund.
6:59 of 3rd period - Stopped by Corey Crawford with a rebound.
8:02 of 3rd period - Penalty to Josh Bailey is over, Josh Bailey is back on ice.
8:16 of 3rd period - Wrist shot by Josh Bailey.
8:16 of 3rd period - Stopped by Chad Johnson with a rebound.
8:28 of 3rd period - Chris Lawrence is hit by Nick Leddy.
8:53 of 3rd period - Minor Penalty to Andrej Sustr for Hooking.
8:54 of 3rd period - Anton Gustafsson wins face-off versus Drew Shore in Sasquatch zone.
9:43 of 3rd period - Jonathan Blum is hit by Artemi Panarin and loses puck.
10:53 of 3rd period - Penalty to Andrej Sustr is over, Andrej Sustr is back on ice.
11:19 of 3rd period - Brock Trotter is hit by Jeremy Welsh and loses puck.
11:27 of 3rd period - Icing by Nick Leddy.
11:28 of 3rd period - Josh Bailey wins face-off versus Zack Smith in Sasquatch zone.
11:44 of 3rd period - Minor Penalty to Colton Orr for Hooking.
11:45 of 3rd period - Lars Eller wins face-off versus Artemi Panarin in Carnivores zone.
12:00 of 3rd period - Snap shot by Linus Omark.
12:00 of 3rd period - Goal by Linus Omark - Sasquatch : 6 - Carnivores : 3.
12:01 of 3rd period - Josh Bailey wins face-off versus Anton Gustafsson in neutral zone.
12:05 of 3rd period - Minor Penalty to Brendan Gallagher for Roughing.
12:06 of 3rd period - Artemi Panarin wins face-off versus Lars Eller in Carnivores zone.
12:17 of 3rd period - Slapshot by Lars Eller.
12:17 of 3rd period - Stopped by Chad Johnson with a rebound.
12:19 of 3rd period - Snap shot by Lars Eller.
12:19 of 3rd period - Stopped by Chad Johnson with a rebound.
12:37 of 3rd period - Slapshot by Nick Leddy.
12:37 of 3rd period - Shot Blocked by Phil Oreskovic.
14:05 of 3rd period - Penalty to Brendan Gallagher is over, Brendan Gallagher is back on ice.
14:16 of 3rd period - Slapshot by Mikael Granlund.
14:16 of 3rd period - Stopped by Corey Crawford without a rebound.
14:17 of 3rd period - Markus Granlund wins face-off versus Drew Shore in Sasquatch zone.
14:20 of 3rd period - Slapshot by Jeremy Welsh.
14:20 of 3rd period - Deflect By Chris Lawrence.
14:20 of 3rd period - Goal by Chris Lawrence - Sasquatch : 6 - Carnivores : 4.
14:21 of 3rd period - Anton Gustafsson wins face-off versus Josh Bailey in neutral zone.
14:56 of 3rd period - Snap shot by Jeremy Williams.
14:56 of 3rd period - Shot Misses the Net.
15:08 of 3rd period - Slapshot by Drew Shore.
15:08 of 3rd period - Stopped by Chad Johnson with a rebound.
15:10 of 3rd period - Snap shot by Drew Shore.
15:10 of 3rd period - Stopped by Chad Johnson without a rebound.
15:11 of 3rd period - Drew Shore wins face-off versus Markus Granlund in Carnivores zone.
15:14 of 3rd period - Wrist shot by Jesper Fast.
15:14 of 3rd period - Stopped by Chad Johnson without a rebound.
15:15 of 3rd period - Jeremy Welsh wins face-off versus Drew Shore in Carnivores zone.
15:34 of 3rd period - Slapshot by Nick Leddy.
15:34 of 3rd period - Stopped by Chad Johnson without a rebound.
15:35 of 3rd period - Anton Gustafsson wins face-off versus Stephane Da Costa in Carnivores zone.
15:44 of 3rd period - Snap shot by Artemi Panarin.
15:44 of 3rd period - Shot Blocked by Jonathan Blum.
16:04 of 3rd period - Off-side.
16:05 of 3rd period - Markus Granlund wins face-off versus Josh Bailey in neutral zone.
16:37 of 3rd period - Minor Penalty to Andrej Sustr for Hooking.
16:38 of 3rd period - Anton Gustafsson wins face-off versus Drew Shore in Sasquatch zone.
17:04 of 3rd period - Jonathan Blum is hit by Mikael Granlund.
17:11 of 3rd period - Off-side.
17:12 of 3rd period - Anton Gustafsson wins face-off versus Drew Shore in neutral zone.
17:47 of 3rd period - Snap shot by Blake Geoffrion.
17:47 of 3rd period - Shot Blocked by Linus Omark.
18:17 of 3rd period - Wrist shot by Teemu Hartikainen.
18:17 of 3rd period - Stopped by Chad Johnson with a rebound.
18:37 of 3rd period - Penalty to Andrej Sustr is over, Andrej Sustr is back on ice.
18:47 of 3rd period - Backhand shot by Andrej Sustr.
18:47 of 3rd period - Stopped by Chad Johnson without a rebound.
18:48 of 3rd period - Markus Granlund wins face-off versus Stephane Da Costa in Carnivores zone.
18:48 of 3rd period - Markus Granlund is hit by Garnet Hathaway.
18:53 of 3rd period - Bobby Sanguinetti is hit by Brock Trotter and loses puck.
19:18 of 3rd period - Snap shot by Colton Orr.
19:18 of 3rd period - Shot Blocked by Brock Trotter.
Goals for this period are 1 for Sasquatch vs 2 for Carnivores.
Shots for this period are 10 for Sasquatch vs 7 for Carnivores.
Back to the Top